 Dungeon Crawl Stone Soup version 0.30.0-29-ga12c61a403 (webtiles) character file.

Game seed: 15592080581173364984

93242 H0rd4k the Nimble (level 16, 0/125 HPs)
             Began as a Human Artificer on June 9, 2023.
             Was an Initiate of Gozag.
             Slain by a bone dragon (13 damage)
             ... on level 2 of the Abyss on June 12, 2023.
             The game lasted 01:19:49 (28769 turns).

H0rd4k the Nimble (Human Artificer)                Turns: 28769, Time: 01:19:50

Health: 0/125      AC: 26    Str: 15    XL:     16   Next: 56%
Magic:  30/30      EV: 17    Int: 24    God:    Gozag
Gold:   1566       SH:  0    Dex: 14    Spells: 26/36 levels left

rFire   . . .        y - +4 scimitar "Rorgheq" {spect, *Rage Fragile rElec rC+++ rN+}
rCold   + + +        (no shield)
rNeg    + + .        v - +10 acid dragon scales of Keroxkuk {Contam rN+ rCorr Int+4}
rPois   +            x - +0 helmet {Int+3}
rElec   +            (no cloak)
rCorr   +            W - +2 pair of gloves
SInv    .            q - +1 pair of boots {rampage}
Will    +....        K - amulet of regeneration
Stlth   ++++         Q - ring of poison resistance
HPRegen 1.20/turn    T - +4 ring of protection
MPRegen 0.22/turn

%: random rage (20%), rampage
@: about to teleport, on berserk cooldown, slowed, studying 2 skills, very slow
A: no striking features
a: Renounce Religion, Potion Petition, Call Merchant, Bribe Branch


You were on level 2 of the Abyss.
You worshipped Gozag.
Gozag was most pleased with you.
You visited 4 branches of the dungeon, and saw 23 of its levels.
You visited the Abyss 1 time.
You also visited: Sewer and Ossuary.

You collected 7749 gold pieces.
You spent 2841 gold pieces at shops.
You paid 3342 gold pieces to Gozag.

Inventory:

Hand Weapons
 u - the +8 halberd of Doyr {venom, *Corrode +Blink rElec rPois}
   (You bought it in a shop on level 11 of the Dungeon)

   rElec:     It insulates you from electricity.
   rPois:     It protects you from poison.
   +Blink:    It lets you blink.
   *Corrode:  It may corrode you when you take damage.
 y - the +4 scimitar "Rorgheq" (weapon) {spect, *Rage Fragile rElec rC+++ rN+}
   (You found it on level 2 of the Lair of Beasts)

   rC:        It renders you almost immune to cold.
   rElec:     It insulates you from electricity.
   rN:        It protects you from negative energy.
   *Rage:     It berserks you when you make melee attacks (+20% chance).
   Fragile:   It will be destroyed if unequipped.
 M - a +6 falchion of flaming
Missiles
 i - 31 poisoned darts
 r - 8 curare-tipped darts (quivered)
 B - 6 atropa-tipped darts
Armour
 q - a +1 pair of boots of rampaging (worn)
 v - the +10 acid dragon scales of Keroxkuk (worn) {Contam rN+ rCorr Int+4}
   (You bought it in a shop on level 10 of the Dungeon)

   Int:       It affects your intelligence (+4).
   rN:        It protects you from negative energy.
   Contam:    It causes magical contamination when unequipped.
   rCorr:     It protects you from acid and corrosion.
 x - a +0 helmet of intelligence (worn)
 W - a +2 pair of gloves (worn)
Magical Staves
 L - the staff of earth "Nulaputz" {rC+ Will+++ Int-4 Stlth-}
   (You found it on level 1 of the Lair of Beasts)

   [staff of earth]

   Base accuracy: +5 Base damage: 5 Base attack delay: 1.2 This weapon's minimum
   attack delay (0.6) is reached at skill level 12.
   Int:       It affects your intelligence (-4).
   rC:        It protects you from cold.
   Will:      It greatly increases your willpower.
   Stlth:     It makes you less stealthy.
   It falls into the 'Staves' category.
   It is a one-handed weapon.
Jewellery
 d - a ring of protection from fire
 f - a ring of fire
 h - a ring of the Octopus King {rCorr HP+2 AC+2 EV+2 SH+2}
   (You found it on level 5 of the Lair of Beasts)

   [ring of resist corrosion]

   AC:        It affects your AC (+2).
   EV:        It affects your evasion (+2).
   HP:        It affects your health (+2).
   rCorr:     It protects you from acid and corrosion.
   SH:        It affects your SH (+2).
 m - an amulet of the acrobat
 A - a ring of ice
 K - an amulet of regeneration (around neck)
 Q - a ring of poison resistance (left hand)
 T - a +4 ring of protection (right hand)
 X - a ring of resist corrosion
 Z - a +6 ring of strength
Wands
 b - a wand of polymorph (17)
 e - a wand of flame (26)
 F - a wand of acid (9)
 H - a wand of roots (2)
 V - a wand of digging (5)
Scrolls
 k - 10 scrolls of teleportation
 l - a scroll of blinking
 o - 5 scrolls of poison
 s - 7 scrolls of amnesia
 t - a scroll of magic mapping
 G - a scroll of enchant weapon
 S - 4 scrolls of fear
Potions
 a - 5 potions of magic
 c - a potion of might
 n - 5 potions of haste
 p - a potion of berserk rage
 C - 5 potions of brilliance
 D - 5 potions of invisibility
 E - 5 potions of cancellation
 I - 7 potions of heal wounds
 J - 7 potions of mutation
 N - 7 potions of flight
 R - 3 potions of curing
 Y - a potion of ambrosia
Miscellaneous
 g - a phantom mirror


   Skills:
 - Level 11.2 Fighting
 - Level 10.2(12.3) Short Blades
 - Level 11.2(12.8) Long Blades
 + Level 3.0 Maces & Flails
 * Level 6.2 Polearms
 + Level 1.6 Throwing
 - Level 2.0 Armour
 - Level 12.1 Dodging
 - Level 8.3 Stealth
 + Level 10.9 Spellcasting
 + Level 6.8 Hexes
 * Level 6.0 Summonings
 + Level 5.8 Evocations


You had 26 spell levels left.
You knew the following spells:

 Your Spells              Type           Power      Damage    Failure   Level
a - Tukima's Dance        Hex            46%        N/A       1%          3
b - Cause Fear            Hex            23%        N/A       4%          4
c - Call Canine Familiar  Summ           42%        N/A       1%          3

Your spell library contained the following spells:

 Spells                   Type           Power      Damage    Failure   Level
 Ensorcelled Hibernation  Hex/Ice        58%        N/A       2%          2
 Dazzling Flash           Conj/Hex       58%        N/A       4%          3
 Inner Flame              Hex/Fire       29%        N/A       4%          3
 Portal Projectile        Hex/Tloc       58%        N/A       4%          3
 Passwall                 Tmut/Erth      10%        N/A       11%         2
 Leda's Liquefaction      Hex/Erth       14%        N/A       16%         4
 Summon Ice Beast         Ice/Summ       27%        N/A       19%         4
 Frozen Ramparts          Ice            26%        1d4       21%         3
 Ignite Poison            Fire/Tmut/Pois 13%        N/A       21%         3
 Swiftness                Air            13%        N/A       21%         3
 Vhi's Electric Charge    Tloc/Air       26%        N/A       21%         3
 Volatile Blastmotes      Fire/Tloc      26%        2d12      21%         3
 Flame Wave               Conj/Fire      13%        2d6       56%         4
 Ice Form                 Ice/Tmut       13%        N/A       56%         4
 Iskenderun's Mystic Bla  Conj/Tloc      13%        2d5       56%         4
 Sticky Flame             Conj/Fire      13%        2d4       56%         4
 Arcjolt                  Conj/Air       6%         1d16      88%         5
 Blade Hands              Tmut           6%         N/A       88%         5
 Plasma Beam              Fire/Air       6%         2x1d18    100%        6
 Starburst                Conj/Fire      6%         6d4       100%        6
 Dragon Form              Tmut           6%         N/A       100%        7
 Ignition                 Fire           6%         3d4       100%        8
 Dragon's Call            Summ           21%        N/A       100%        9


Dungeon Overview and Level Annotations

Branches:
Dungeon (15/15)            Temple (1/1) D:4            Lair (5/5) D:10
 Shoals (0/4) Lair:3       Spider (0/4) Lair:2        Slime (0/5) Lair:5
    Orc (2/2) D:11            Elf (0/3) Orc:2        Vaults (0/5) D:14
  Sewer (visited)         Ossuary (visited)
 Depths: D:15

Altars:
Ashenzari
Cheibriados
Dithmenos
Elyvilon
Fedhas
Gozag
Hepliaklqana
Kikubaaqudgha
Makhleb
Nemelex Xobeh
Okawaru
Qazlal
Ru
Sif Muna
Trog
Uskayaw
Vehumet
Wu Jian
Xom
Yredelemnul
Zin
The Shining One

Shops:
D:10 ([[   D:11 (   Orc:2 (!=(

Annotations:
D:14 exclusion: 2 downstairs
D:15 Jorgrun
Lair:2 exclusions: skyshark and 2 more exclusions
Lair:3 exclusions: manticore and wind drake, Rupert
Lair:4 exclusions: 2 downstairs and upstairs


Message History

The neqoxec closely misses you.
You hit the bone dragon.
The bone dragon is lightly damaged.
Your +4 scimitar "Rorgheq" {spect, *Rage Fragile rElec rC+++ rN+} barely misses the bone dragon.
The bone dragon bites you.
The bone dragon claws you but does no damage.
The bone dragon tramples you but does no damage.
The neqoxec hits you.
You hit the bone dragon.
The bone dragon is lightly damaged.
Your +4 scimitar "Rorgheq" {spect, *Rage Fragile rElec rC+++ rN+} hits the bone dragon but does no damage.
The bone dragon closely misses you.
The bone dragon claws you but does no damage.
The bone dragon tramples you.
You hold your ground!
The neqoxec hits you but does no damage.
You slash the bone dragon!
The bone dragon is lightly damaged.
Your +4 scimitar "Rorgheq" {spect, *Rage Fragile rElec rC+++ rN+} hits the bone dragon but does no damage.
The bone dragon bites you but does no damage.
The bone dragon claws you!
* * * LOW HITPOINT WARNING * * *
The bone dragon tramples you.
* * * LOW HITPOINT WARNING * * *
You hold your ground!
The neqoxec hits you!
* * * LOW HITPOINT WARNING * * *
The bone dragon bites you but does no damage.
The bone dragon claws you!
* * * LOW HITPOINT WARNING * * *
The bone dragon tramples you!
* * * LOW HITPOINT WARNING * * *
You hold your ground!
Okay, then.
You feel much better.
Your +4 scimitar "Rorgheq" {spect, *Rage Fragile rElec rC+++ rN+} disappears.
The neqoxec hits you but does no damage.
The bone dragon bites you!
* * * LOW HITPOINT WARNING * * *
The bone dragon claws you!
You die...
Your body crumbles into a pile of gold.

.. ..
.# # ##
#..#
#.####.
. #
#.#...#
######.
.# #3D#
..#
#.@# ..
#ยงยง##
..#
#.## ..
# #


You could see a bone dragon and a neqoxec.

Vanquished Creatures
  A dire elephant (Lair:5)
  An entropy weaver (shapeshifter) (D:12)
  2 hydras
  Fannar (D:10)
  8 vault guards
  A merfolk avatar (Lair:5)
  4 ogre magi (Orc:2)
  3 boulder beetles
  Erica (Orc:1)
  20 two-headed ogres
  3 centaur warriors (D:14)
  A tengu warrior (D:15)
  4 death yaks (Lair:5)
  2 thrashing horrors (Abyss:2)
  Sonja (D:11)
  8 skysharks
  2 sea snakes (Lair:5)
  A harpy (Lair:5)
  Pikel (D:7)
  A large abomination (Abyss:2)
  An orc sorcerer (Orc:1)
  An oklob plant (D:10)
  12 ugly things
  3 manticores
  8 cyclopes
  10 elephants
  A guardian serpent (Abyss:2)
  2 gargoyles
  4 black mambas
  Maurice (Orc:1)
  A smoke demon (Abyss:2)
  Maggie (D:6)
  11 cane toads
  6 rime drakes
  2 unseen horrors
  A bunyip simulacrum (Abyss:2)
  A tengu conjurer (D:15)
  6 komodo dragons
  2 ancient zymes (Abyss:2)
  A merfolk (shapeshifter) (D:13)
  2 polar bears
  A hellwing (Abyss:2)
  6 trolls
  3 hornets
  Grinder (D:4)
  A wind drake (Lair:5)
  Prince Ribbit (D:6)
  9 slime creatures (D:13)
  20 blink frogs
  3 raiju (Abyss:2)
  A jumping spider (Lair:2)
  Sigmund (D:4)
  4 shadows
  4 wyverns
  2 wraiths
  4 basilisks
  28 yaks
  A steam dragon (D:8)
  2 chaos spawn (Abyss:2)
  6 vampire mosquitoes
  A neqoxec (Abyss:2)
  4 acid dragons
  A warg (Orc:2)
  13 water moccasins
  A black bear (D:5)
  3 ice beasts
  20 orc warriors
  A sky beast (D:7)
  26 ogres
  36 wolves
  A lemure (D:7)
  22 centaurs
  A phantom (D:7)
  3 kobold brigands
  Blork the orc (D:4)
  5 bullfrogs
  2 scorpions (D:7)
  3 wyvern zombies (Ossuary)
  2 water moccasin zombies (Ossuary)
  7 wights
  2 small abominations (Abyss:2)
  6 killer bees (D:7)
  4 electric eels
  4 howler monkeys
  7 bullfrog zombies (Ossuary)
  6 centaur zombies (Ossuary)
  2 jellies
  A gnoll bouda (D:6)
  19 orc priests
  2 hounds
  4 iguanas
  2 iron imps
  10 mummies (Ossuary)
  3 sleepcaps
  11 orc wizards
  3 killer bee zombies (Ossuary)
  3 howler monkey zombies (Ossuary)
  4 gnolls (D:6)
  10 adders
  A shadow imp (D:8)
  An ufetubus (D:5)
  5 worms
  2 dart slugs (D:5)
  82 orcs
  10 ball pythons
  9 endoplasms
  4 giant cockroaches
  9 goblins
  10 hobgoblins
  2 jackals (D:4)
  7 quokkas
  3 bats
  3 frilled lizards
  24 kobolds
  6 rats
675 creatures vanquished.

Vanquished Creatures (collateral kills)
  A bullfrog (D:6)
  2 wights
  An orc wizard (D:6)
  3 gnolls (D:4)
  An orc (D:6)
  A hobgoblin (D:4)
9 creatures vanquished.

Vanquished Creatures (others)
  A centaur (D:8)
  2 wights
  A jelly (D:6)
  An ufetubus (Abyss:2)
  2 quokkas (D:5)
  9 spectral weapons
16 creatures vanquished.

Grand Total: 700 creatures vanquished

Notes
Turn   | Place    | Note
-------+----------+-------------------------------------------
     0 | D:1      | H0rd4k the Human Artificer began the quest for the Orb.
     0 | D:1      | Reached XP level 1. HP: 15/15 MP: 1/1
   172 | D:1      | Found a faded altar of an unknown god.
   224 | D:1      | Reached XP level 2. HP: 16/21 MP: 2/2
   829 | D:1      | Reached XP level 3. HP: 21/26 MP: 3/3
  1049 | D:2      | Reached skill level 1 in Maces & Flails
  1246 | D:2      | Reached XP level 4. HP: 25/32 MP: 4/4
  1857 | D:3      | Identified the +2 robe "Nutim" {rPois MP+9 Str-3 Int+2}
  2147 | D:3      | Found a snail-covered altar of Cheibriados.
  2165 | D:3      | Reached skill level 2 in Dodging
  2277 | D:3      | Reached XP level 5. HP: 37/37 MP: 5/5
  2571 | D:3      | Found a sacrificial altar of Ru.
  3121 | D:4      | Found a glowing drain.
  3162 | Sewer    | Entered a sewer
  3313 | Sewer    | Noticed a kobold brigand
  3315 | Sewer    | Killed a kobold brigand
  3316 | Sewer    | Reached skill level 3 in Dodging
  3316 | Sewer    | Reached XP level 6. HP: 44/44 MP: 6/6
  3771 | D:4      | Noticed Sigmund
  3776 | D:4      | Found a staircase to the Ecumenical Temple.
  3783 | D:4      | Killed Sigmund
  3784 | D:4      | Reached skill level 1 in Short Blades
  3784 | D:4      | Reached skill level 4 in Dodging
  3784 | D:4      | Reached XP level 7. HP: 45/52 MP: 7/7
  3830 | Temple   | Entered the Ecumenical Temple
  3894 | Temple   | Became a worshipper of Gozag Ym Sagoz the Greedy
  3932 | D:4      | Noticed Blork the orc
  3973 | D:4      | Killed Blork the orc
  4147 | D:4      | Noticed Grinder
  4149 | D:4      | Paralysed by Grinder for 3 turns
  4665 | D:5      | Entered Level 5 of the Dungeon
  4687 | D:5      | Reached skill level 1 in Spellcasting
  4687 | D:5      | Reached XP level 8. HP: 58/58 MP: 9/9
  4722 | D:5      | Reached skill level 5 in Dodging
  5033 | D:5      | Found a white marble altar of Elyvilon.
  5319 | D:5      | Found a glowing golden altar of the Shining One.
  5341 | D:5      | Found a blossoming altar of Fedhas.
  5455 | D:5      | Noticed a wyvern
  6205 | D:6      | Reached XP level 9. HP: 65/65 MP: 13/13
  6495 | D:6      | Reached skill level 6 in Dodging
  6496 | D:6      | Noticed Prince Ribbit
  6519 | D:6      | Reached skill level 5 in Evocations
  6524 | D:6      | Killed Prince Ribbit
  6967 | D:6      | Noticed Maggie
  6998 | D:6      | Found a sparkling altar of Nemelex Xobeh.
  7092 | D:7      | Reached skill level 5 in Stealth
  7181 | D:7      | Noticed Pikel
  7210 | D:7      | Killed Pikel
  7211 | D:7      | Reached XP level 10. HP: 36/73 MP: 16/16
  7257 | D:7      | Reached skill level 5 in Short Blades
  7257 | D:7      | Reached skill level 7 in Dodging
  7402 | D:7      | Reached skill level 5 in Fighting
  7628 | D:7      | Found a shadowy altar of Dithmenos.
  8067 | D:8      | Noticed a two-headed ogre
  8210 | D:8      | Found an ancient bone altar of Kikubaaqudgha.
  8404 | D:8      | Killed a two-headed ogre
  8405 | D:8      | Reached skill level 5 in Spellcasting
  8475 | D:8      | Found a sand-covered staircase.
  8481 | Ossuary  | Entered an ossuary
  8672 | Ossuary  | Reached skill level 1 in Long Blades
  8853 | Ossuary  | Reached XP level 11. HP: 78/81 MP: 19/19
  9928 | D:9      | Reached skill level 8 in Dodging
 10084 | D:9      | Noticed a two-headed ogre
 10361 | D:9      | Found a broken altar of Ashenzari.
 10362 | D:9      | Found a shimmering altar of Xom.
 10363 | D:9      | Found a radiant altar of Vehumet.
 10364 | D:9      | Found a basalt altar of Yredelemnul.
 10705 | D:10     | Entered Level 10 of the Dungeon
 10792 | D:10     | Noticed an oklob plant
 10867 | D:10     | Noticed a two-headed ogre
 10918 | D:10     | Noticed Fannar
 11092 | D:10     | Noticed a two-headed ogre
 11125 | D:10     | Killed a two-headed ogre
 11721 | D:10     | Found a staircase to the Lair.
 12797 | D:11     | Noticed a purple ugly thing
 12813 | D:11     | Killed a purple ugly thing
 12814 | D:11     | Reached skill level 9 in Dodging
 12831 | D:11     | You fall into a shaft and drop 1 floor!
 12844 | D:12     | Noticed a cyclops
 12859 | D:12     | Killed a cyclops
 12860 | D:12     | Reached XP level 12. HP: 79/91 MP: 22/22
 12923 | D:12     | Reached skill level 5 in Long Blades
 13033 | D:12     | Noticed a two-headed ogre
 13296 | D:11     | Noticed Sonja
 13299 | D:11     | Killed Sonja
 13432 | D:11     | Found a staircase to the Orcish Mines.
 14056 | D:12     | Noticed a two-headed ogre
 14073 | D:12     | Killed a two-headed ogre
 14133 | D:12     | Noticed an entropy weaver
 14512 | D:12     | Noticed an eight-headed hydra
 14755 | D:10     | Identified a scroll of acquirement
 14755 | D:10     | Acquired a manual of Short Blades
 14918 | D:10     | Bought the +10 acid dragon scales of Keroxkuk {Contam rN+
                  | rCorr Int+4} for 1542 gold pieces
 14946 | Lair:1   | Entered Level 1 of the Lair of Beasts
 15164 | D:10     | Bought a +0 helmet of intelligence for 172 gold pieces
 15255 | Lair:1   | Identified the staff of earth "Nulaputz" {rC+ Will+++ Int-4
                  | Stlth-}
 16175 | Lair:2   | Reached skill level 10 in Dodging
 16375 | Lair:2   | Noticed a skyshark
 16453 | Lair:2   | Identified the +4 scimitar "Rorgheq" {spect, *Rage Fragile
                  | rElec rC+++ rN+}
 16889 | Lair:2   | Found a hole to the Spider Nest.
 17048 | Lair:2   | Killed a skyshark
 17049 | Lair:2   | Reached XP level 13. HP: 61/99 MP: 23/25
 17423 | Lair:3   | Noticed Rupert
 17826 | Lair:3   | Found a staircase to the Shoals.
 18007 | Lair:3   | Learned a level 3 spell: Tukima's Dance
 18012 | Lair:3   | Learned a level 4 spell: Cause Fear
 18236 | Lair:3   | Reached skill level 1 in Hexes
 18680 | Lair:4   | Noticed a four-headed hydra
 18692 | Lair:4   | Killed a one-headed hydra
 19047 | Lair:4   | Reached skill level 11 in Dodging
 19704 | Lair:5   | Entered Level 5 of the Lair of Beasts
 19712 | Lair:5   | Noticed a dire elephant
 19819 | Lair:5   | Reached skill level 10 in Short Blades
 20532 | Lair:4   | Reached XP level 14. HP: 31/108 MP: 27/27
 21438 | Lair:5   | Reached skill level 10 in Fighting
 21580 | Lair:5   | Found a staircase to the Slime Pits.
 21752 | Lair:5   | HP: 2/110 [death yak (16)]
 22233 | Lair:5   | Found the ring of the Octopus King
 22241 | Lair:5   | Identified a ring of the Octopus King {rCorr HP+2 AC+2 EV+2
                  | SH+2}
 22344 | Lair:5   | Killed a dire elephant
 22532 | D:10     | Bought a +0 pair of boots of rampaging for 161 gold pieces
 22626 | Orc:1    | Entered Level 1 of the Orcish Mines
 22635 | Orc:1    | Noticed Maurice
 22659 | Orc:1    | Killed Maurice
 22668 | Orc:1    | Noticed Erica
 22706 | Orc:1    | Reached XP level 15. HP: 98/115 MP: 28/28
 22725 | Orc:1    | Killed Erica
 22726 | Orc:1    | Reached skill level 10 in Long Blades
 22726 | Orc:1    | Reached skill level 5 in Hexes
 23026 | Orc:2    | Entered Level 2 of the Orcish Mines
 23213 | Orc:2    | Found Faalued's Weapon Boutique.
 23213 | Orc:2    | Found Diecufec's Jewellery Emporium.
 23213 | Orc:2    | Found Mehob's Distillery.
 23213 | Orc:2    | Found Zov Gopp's Weapon Shop.
 23260 | Orc:2    | Reached skill level 12 in Dodging
 23260 | Orc:2    | Reached skill level 10 in Spellcasting
 23465 | Orc:2    | Paralysed by an ogre mage for 4 turns
 23519 | Orc:2    | Found a staircase to the Elven Halls.
 24325 | D:11     | Bought the +8 halberd of Doyr {venom, *Corrode +Blink rElec
                  | rPois} for 966 gold pieces
 24329 | D:11     | Learned a level 3 spell: Call Canine Familiar
 24515 | D:4      | Killed Grinder
 24750 | D:6      | Killed Maggie
 24935 | D:10     | Killed Fannar
 24936 | D:10     | Reached skill level 1 in Polearms
 24936 | D:10     | Reached skill level 1 in Summonings
 26744 | D:14     | Reached XP level 16. HP: 125/125 MP: 30/30
 27137 | D:14     | Found a gate to the Vaults.
 27269 | D:14     | Reached skill level 1 in Throwing
 27588 | D:14     | Reached skill level 5 in Polearms
 27893 | D:15     | Entered Level 15 of the Dungeon
 27913 | D:14     | Reached skill level 5 in Summonings
 28176 | D:15     | Noticed Jorgrun
 28331 | Abyss:2  | Cast into level 2 of the Abyss (a wizard)
 28505 | Abyss:2  | Noticed a tentacled starspawn
 28658 | Abyss:2  | Found a corrupted altar of Lugonu.
 28730 | Abyss:2  | Noticed a bone dragon
 28769 | Abyss:2  | Slain by a bone dragon

Illustrated notes

Levels and vault maps discovered:
D:1:      zelgadis_glass_arrival_small, layout_loops_ring,
          shapermc_ecumenical_altar_mp_highgroup, minmay_tripent
D:2:      layout_loops_ring
D:3:      layout_loops_ring, nicolae_ru_great_annihilating_truth, slow_altar_2,
          corner_web_ring, nicolae_concentric_dashed_squares_mild,
          chequers_serial_rivers_micro_c, minmay_misc_feat_doors
D:4:      layout_basic, minmay_temple_entry_sparse_star,
          cheibrodos_sewer_entry_bend, grunt_ministairs_15,
          kennysheep_small_square, uniq_sigmund, uniq_grinder,
          uniq_blork_the_orc
D:5:      layout_basic, tso_metal_star, elyvilon_altar_4,
          mainiacjoe_overflow_small_starburst, chequers_serial_rivers_large_a
D:6:      layout_basic, nicolae_overflow_hidden_temple,
          minmay_misc_feat_columns, serial_bayou_lake_a, uniq_prince_ribbit1,
          uniq_maggie
D:7:      layout_loops_ring, grunt_dithmenos_shadows, uniq_pikel
D:8:      layout_basic, amcnicky_altar_gilded,
          lightli_ossuary_entry_decrepit_ruins
D:9:      wander_river, layout_irregular_city, mainiacjoe_overflow_alcove_3
D:10:     layout_long_grid, dpeg_oklobed_lair, uniq_fannar
D:11:     layout_grid_maze, orc_0_dummy, uniq_sonja
D:12:     layout_small_grid
D:13:     layout_roguey [special_room_orc], hangedman_decor_peaks_small
D:14:     layout_layer_cave, erik_vaults_2, hex_medium,
          hangedman_abyss_or_decor_jellyfish_corner
D:15:     grunt_enter_depths_magical_seal, layout_gridville, chequers_jeans,
          uniq_jorgrun
Temple:   zaba_magenta_temple
Lair:1:   layout_regular_city, beast_lair_carwin_1, infiniplex_staircase_pool,
          lemuel_fruit_fields, serial_bayou_shore_a
Lair:2:   layout_cave_pods, nicolae_spider_entry_tight_spaces,
          chequers_serial_rivers_small_3, grunt_megastairs_3
Lair:3:   layout_regular_city, minmay_shoals_entry_beasts, serial_bayou_pond_c,
          minivault_25, uniq_rupert
Lair:4:   layout_hall_layers
Lair:5:   gammafunk_lair_ancient_temple, layout_regular_city,
          nicolae_slime_entry_slimehenge, grunt_forest_large_clearings
Orc:1:    layout_caves, uniq_erica, uniq_maurice
Orc:2:    st_orc_ogre_mass, layout_caves
Abyss:2:  base: Temple, base: Orc:1, evilmike_abyss_exit_12, minivault_28

Skill      XL: |  1  2  3  4  5  6  7  8  9 10 11 12 13 14 15 16 |
---------------+-------------------------------------------------+-----
Evocations     | 4 5 |  5.8
Maces & Flails | 1 2 3 |  3.0
Dodging        | 2 3 4 5 6 7 9 10 11 12 | 12.1
Fighting       | 2 3 4 5 7 8 9 10 11 | 11.2
Short Blades   | 1 3 4 6 7 10 | 10.2
Stealth        | 2 3 5 6 7 8 |  8.3
Spellcasting   | 1 2 4 5 6 8 9 10 | 10.9
Long Blades    | 2 4 6 7 9 11 | 11.2
Hexes          | 2 4 6 |  6.8
Polearms       | 3 6 |  6.2
Summonings     | 3 6 |  6.0
Throwing       | 1 |  1.6
Armour         | |  2.0

Action                     |  1- 3 |  4- 6 |  7- 9 | 10-12 | 13-15 | 16-18 || total
---------------------------+-------+-------+-------+-------+-------+-------++-------
  Melee: Club              |   120 |       |       |       |       |       ||   120
         Punch             |     1 |     4 |     6 |    17 |    34 |     3 ||    65
         Mace              |    10 |   297 |       |       |       |       ||   307
         Dagger            |       |    13 |   399 |   585 |   700 |       ||  1697
         Falchion          |       |       |       |   683 |    47 |       ||   730
         Scimitar          |       |       |       |       |  1005 |   289 ||  1294
  Throw: Dart              |       |       |       |       |     5 |       ||     5
   Cast: Cause Fear        |       |       |       |       |     3 |       ||     3
         Call Canine Famil |       |       |       |       |     1 |       ||     1
 Invoke: Call Merchant     |       |       |       |     1 |     3 |       ||     4
  Evoke: Wand              |     6 |     7 |    16 |    23 |     2 |       ||    54
    Use: Scroll            |       |       |       |    29 |    13 |     1 ||    43
         Potion            |       |       |       |    12 |     3 |     1 ||    16
   Stab: Sleeping          |     1 |     5 |     8 |     8 |    10 |       ||    32
         Paralysed         |       |     2 |     1 |     6 |       |       ||     9
         Distracted        |       |       |     2 |     4 |    21 |     6 ||    33
 Armour: Leather armour    |    53 |     9 |       |       |       |       ||    62
         Robe              |       |   107 |    73 |   263 |       |       ||   443
         Acid dragon scale |       |       |       |   101 |   709 |   128 ||   938
  Dodge: Dodged            |   103 |   213 |   219 |   940 |  1200 |   188 ||  2863
